Map: 카이로스 정션 - 래더

Players

goblin - Winner!

  • Race: Protoss Protoss
  • Spawn Location: 11:00

Trap

  • Race: Protoss Protoss
  • Spawn Location: 5:00

Event: IEM Season 13: Katowice (2019)

VOD

Have the link to the VOD?

Description

Time

  • Played on: Feb. 25, 2019, 8:53 a.m.
  • Length: 7:34

All games in this series

Show
View Real Time Build Order
Export as new Build Order

goblin Protoss - Winner!

Build Orders:  

Get SALT Encoding   

  12  0:00  Probe  
  13  0:12  Probe  
  14  0:17  Pylon  
  14  0:23  Probe  
  15  0:31  Probe  
  15  0:38  Gateway  
  15  0:39  Probe  
  16  0:45  Assimilator  
  17  0:51  Probe  
  17  0:54  Assimilator  
  18  1:00  Probe  
  19  1:08  Gateway, Probe  
  20  1:19  Probe  
  20  1:25  Cybernetics Core  
  21  1:31  Probe  
  22  1:34  Pylon  
  22  1:43  Probe  
  23  1:54  Pylon  
  23  2:01  Adept x2  
  23  2:02  Warp Gate  
  23  2:04  Probe  
  28  2:13  Robotics Facility  
  28  2:31  Stalker x2  
  32  2:46  Gateway  
  32  2:52  Immortal  
  32  2:56  Shield Battery  
  36  3:22  Warp Prism  
  36  3:25  Pylon  
  38  3:40  Pylon  
  38  3:50  Sentry x3  
  44  3:59  Observer  
  45  4:16  Stalker  
  45  4:17  Stalker  
  45  4:27  Stalker  
  47  4:40  Sentry  
  47  4:44  Stalker  
  51  4:47  Pylon  
  51  4:59  Warp Prism  
  51  5:07  Stalker x2  
  55  5:21  Observer  
  53  5:35  Stalker x3  
  51  5:59  Adept x3  
  55  6:21  Warp Prism  
  55  6:22  Stalker x3  
  45  6:49  Stalker x3  
  45  7:14  Stalker x3  
Show
View Real Time Build Order
Export as new Build Order

Trap Protoss 

Build Orders: Phoenix Opening, Mass Phoenix 

Get SALT Encoding   

  12  0:00  Probe  
  13  0:12  Probe  
  14  0:18  Pylon  
  14  0:24  Probe  
  15  0:32  Probe  
  15  0:38  Gateway  
  15  0:40  Probe  
  17  0:50  Probe, Assimilator  
  17  0:56  Assimilator  
  18  0:58  Probe  
  19  1:07  Probe  
  20  1:11  Gateway  
  20  1:17  Probe  
  21  1:26  Cybernetics Core  
  21  1:29  Probe  
  22  1:33  Pylon  
  22  1:41  Probe  
  23  1:53  Probe  
  24  2:02  Stalker x2  
  24  2:03  Warp Gate  
  24  2:07  Pylon  
  28  2:27  Stargate  
  28  2:32  Stalker  
  30  2:41  Stalker  
  32  3:03  Shield Battery, Phoenix  
  34  3:21  Phoenix  
  34  3:24  Nexus  
  34  3:34  Pylon  
  36  3:38  Shield Battery  
  36  3:41  Gateway, Phoenix  
  35  3:45  Shield Battery  
  37  3:51  Zealot  
  37  3:52  Zealot  
  41  4:02  Phoenix  
  39  4:28  Phoenix  
  39  4:30  Pylon  
  37  4:39  Zealot  
  39  4:45  Pylon  
  39  4:50  Stalker x2  
  43  4:55  Phoenix  
  45  5:05  Zealot  
  45  5:20  Phoenix  
  45  5:23  Zealot  
  44  5:35  Sentry  
  40  5:40  Phoenix  
  42  6:06  Phoenix  
  42  6:11  Zealot x2  
  36  6:33  Stalker x2  
  33  6:51  Gateway  
  33  6:53  Phoenix  
  33  6:57  Stalker  

Tags
 
Add a new tag
Caveats
  • Supply blocks, unpowered buildings, or Contaminate may cause inaccurate times.
  • Supply counts are checked every 10 seconds.